 Dungeon Crawl Stone Soup version 0.30-a0-1103-g25895a7845 (webtiles) character file.

Game seed: 11034843824444819242

18 BubbleThief the Firebug (level 2, 0/28 HPs)
             Began as a Naga Cinder Acolyte on Apr 19, 2023.
             Was a High Priest of Ignis.
             Slain by a quokka (1 damage)
             ... on level 1 of the Dungeon.
             The game lasted 00:01:02 (573 turns).

BubbleThief the Firebug (Naga Cinder Acolyte)        Turns: 573, Time: 00:01:02

Health: 0/28       AC:  1    Str: 16    XL:     2   Next: 66%
Magic:  2/4        EV:  9    Int: 14    God:    Ignis [*****.]
Gold:   30         SH:  0    Dex:  6    Spells: 2/4 levels left

rFire   + . .      SeeInvis +    a - -1 mace (flame)
rCold   . . .      Faith    .    (no shield)
rNeg    . . .      Spirit   .    b - +0 robe
rPois   +          Reflect  .    (no helmet)
rElec   .          Rampage  .    (no cloak)
rCorr   .                        (no gloves)
Will    .....                    (no barding)
Stlth   +                        (no amulet)
HPRegen 0.24/turn                (no ring)
MPRegen 0.09/turn                (no ring)

@: short of breath, very slow
A: AC +0, large, see invisible, deformed body, poison resistance, slowness 2,
spit poison 1, naga tail 1
a: Spit Poison, Renounce Religion, Fiery Armour, Foxfire Swarm, Rising Flame


You were on level 1 of the Dungeon.
You worshipped Ignis.
Ignis was extremely pleased with you.
You visited 1 branch of the dungeon, and saw 1 of its levels.

You collected 30 gold pieces.

Inventory:

Hand Weapons
 a - a -1 mace of flaming (weapon)
Armour
 b - a +0 robe (worn)
Scrolls
 d - a scroll of identify {unknown}
 g - a scroll of magic mapping {unknown}
 h - a scroll of enchant armour {unknown}
 i - a scroll of blinking {unknown}
Potions
 c - a potion of degeneration {unknown}
 e - 2 potions of magic {unknown}
 f - 3 potions of curing {unknown}


   Skills:
 - Level 3.0 Fighting
 - Level 3.0 Maces & Flails
 + Level 1.7 Spellcasting
 + Level 3.4 Fire Magic


You had 2 spell levels left.
You knew the following spells:

 Your Spells              Type           Power      Damage    Failure   Level
a - Scorch                Fire           20%        2d6       9%          2

Your spell library contained the following spells:

 Spells                   Type           Power      Damage    Failure   Level
 Kiss of Death            Conj/Necr      4%         2d5       24%         1
 Confusing Touch          Hex            1%         N/A       58%         3
 Dazzling Flash           Conj/Hex       2%         N/A       58%         3
 Vhi's Electric Charge    Tloc/Air       2%         N/A       58%         3
 Dispel Undead            Necr           1%         3d6       94%         4
 Agony                    Necr           1%         N/A       100%        5
 Arcjolt                  Conj/Air       0%         1d10      100%        5
 Silence                  Hex/Air        0%         N/A       100%        5
 Plasma Beam              Fire/Air       3%         2x1d14    100%        6


Dungeon Overview and Level Annotations

Branches:
Dungeon (1/15)

Altars:


Innate Abilities, Weirdness & Mutations

Your serpentine skin is tough. (AC +0)
You have supernaturally acute eyesight. (SInv)
Armour fits poorly on your strangely shaped body.
Your system is resistant to poisons. (rPois)
You cover ground very slowly.
You can spit poison.
You have a snake-like lower body.


Message History

The jackal closely misses you.
You hit the jackal but do no damage.
You have got your breath back.
The jackal bites you. The jackal closely misses you.
You closely miss the jackal. The jackal bites you.
Aiming: Spit Poison (2% risk of failure)
Press: ? - help, Q - select action, (/) - cycle Shift-Dir - straight line, f/p - quokka
Aim: a quokka (moderately wounded, 45% to hit)
The splash of poison hits the jackal.
The jackal is almost dead.
The jackal bites you.
* * * LOW HITPOINT WARNING * * *
The jackal bites you.
* * * LOW HITPOINT WARNING * * *
You barely miss the jackal.
The jackal is almost dead.
The jackal closely misses you. The jackal barely misses you.
You barely miss the jackal.
The jackal is almost dead.
The jackal barely misses you.
You hit the jackal. You burn the jackal.
You kill the jackal!
The quokka barely misses you.
You closely miss the quokka.
The quokka is moderately wounded.
You have got your breath back.
The quokka bites you.
* * * LOW HITPOINT WARNING * * *
Unknown command.
You hit the quokka. You burn the quokka.
The quokka is severely wounded.
The quokka bites you.
* * * LOW HITPOINT WARNING * * *
The quokka closely misses you.
Aiming: Spit Poison (2% risk of failure)
Press: ? - help, Q - select action, (/) - cycle Shift-Dir - straight line, f/p - quokka
Aim: a quokka (heavily wounded, 45% to hit)
The splash of poison misses the quokka.
The quokka bites you.
You die...

#.###†..# ##....?.?## ##.##
........####.........####...##
...........+.........+.......#
###.#....###.........####...##
# #.#..#.# #.......# ##.## #
#....#.# #.....# #.# . .....#
# #...# #.# # #.#### #r# #.##
#.# ##.#######@# #..# #..
.........#.#### ##.#
########......# #.# #....#.##
#.# #.......# #.#
#....#..######.#
#.#............#
#.####..######## #.......#


You could see a quokka.

Vanquished Creatures
  A ball python (D:1)
  A bat (D:1)
  4 endoplasms (D:1)
  A goblin (D:1)
  2 hobgoblins (D:1)
  3 jackals (D:1)
  2 rats (D:1)
14 creatures vanquished.

Notes
Turn   | Place    | Note
-------+----------+-------------------------------------------
     0 | D:1      | BubbleThief the Naga Cinder Acolyte began the quest for the
                  | Orb.
     0 | D:1      | Reached XP level 1. HP: 21/21 MP: 2/2
   231 | D:1      | Reached XP level 2. HP: 28/28 MP: 4/4
   247 | D:1      | Learned a level 2 spell: Scorch
   572 | D:1      | HP: 1/28 [quokka (3)]
   573 | D:1      | Slain by a quokka

Illustrated notes

Levels and vault maps discovered:
D:1:      ebering_trefoil_twist, layout_loops_corners,
          shapermc_ecumenical_altar_petra

Action                     || total
---------------------------++-------
  Melee: Mace              ||    34
   Cast: Scorch            ||     2
Ability: Spit Poison       ||    14
 Armour: Robe              ||     8
  Dodge: Dodged            ||    34

Table legend: (Time is in decaauts)
 A = Elapsed time spent in this place.
 B = Non-inter-level travel time spent in this place.
 C = Inter-level travel time spent in this place.
 D = Time resting spent in this place.
 E = Time spent auto-exploring this place.
 F = Levels seen in this place.
 G = Mean time per level.
                   A        B        C        D        E       F      G
               +--------+--------+--------+--------+--------+-----+--------+
         Total |    749 |    749 |      0 |      0 |    635 |   1 |  749.0 |
       Dungeon |    749 |    749 |      0 |      0 |    635 |   1 |  749.0 |
               +--------+--------+--------+--------+--------+-----+--------+

Top non-repeatable levels by time:
     D:1: 749 daAuts
